 Dungeon Crawl Stone Soup version 0.24.0-1-gfbc8707 (webtiles) character file.

Game seed: 3336794996441080324, levelgen mode: deterministic

31 Illumine the Insei (level 3, -2/26 HPs)
             Began as a Merfolk Transmuter on Nov 13, 2019.
             Slain by a frilled lizard (3 damage)
             ... on level 1 of the Dungeon.
             The game lasted 00:01:32 (715 turns).

Illumine the Insei (Merfolk Transmuter)              Turns: 715, Time: 00:01:33

Health: -2/26      AC:  2    Str: 10    XL:     3   Next: 22%
Magic:  6/6        EV: 13    Int: 13    God:
Gold:   12         SH:  0    Dex: 14    Spells: 3/6 levels left

rFire    . . .     SeeInvis .     - Unarmed
rCold    . . .     Gourm    .   (no shield)
rNeg     . . .     Faith    .   b - +0 robe
rPois    .         Spirit   .   (no helmet)
rElec    .         Reflect  .   (no cloak)
rCorr    .         Harm     .   (no gloves)
MR       .....                  (no boots)
Stlth    +.........             (no amulet)
HPRegen  0.08/turn              (no ring)
MPRegen  0.10/turn              (no ring)

@: lethally poisoned (-2 -> -12), appendage (expiring)
A: change form in water, swift swim, stealthy swim, horns 2
a: End Transformation


You were on level 1 of the Dungeon.
You were not hungry.
You had grown temporary horns.
You visited 1 branch of the dungeon, and saw 2 of its levels.

You collected 12 gold pieces.

Inventory:

Missiles
 a - 12 arrows
Armour
 b - a +0 robe (worn)
Scrolls
 c - a scroll of remove curse {unknown}
 f - a scroll of fog {unknown}
Potions
 e - a potion of degeneration {unknown}
Comestibles
 d - 3 rations


   Skills:
 + Level 1.5 Fighting
 + Level 3.2 Dodging
 + Level 3.8 Unarmed Combat
 + Level 2.1 Spellcasting
 + Level 3.3 Transmutations


You had 3 spell levels left.
You knew the following spells:

 Your Spells              Type           Power        Failure   Level  Hunger
a - Beastly Appendage     Tmut           ##....       6%          1    ##.....
b - Sticks to Snakes      Tmut           ##......     10%         2    ###....

Your spell library contained the following spells:

 Spells                   Type           Power        Failure   Level  Hunger
 Spider Form              Tmut/Pois      #.........   36%         3    ####...
 Ice Form                 Ice/Tmut       #.......     77%         4    #####..
 Blade Hands              Tmut           ##........   87%         5    ######.


Dungeon Overview and Level Annotations

Branches:
Dungeon (2/15)

Altars:


Innate Abilities, Weirdness & Mutations

You revert to your normal form in water.
You are very nimble and swift while swimming.
You are very stealthy in the water. (Stealth+)
You have a pair of horns on your head.


Message History

You barely miss the adder.
You feel sick. The adder bites you.
You are more poisoned.
The adder poisons you! The frilled lizard bites you.
You hit the adder.
The adder is heavily wounded.
You feel sick. The adder bites you. The frilled lizard barely misses you.
The adder bites you.
* * * LOW HITPOINT WARNING * * *
You hit the adder but do no damage.
The adder is heavily wounded.
* * * LOW HITPOINT WARNING * * *
You feel sick. The frilled lizard bites you.
* * * LOW HITPOINT WARNING * * *
The adder bites you but does no damage.
Unknown command.
You miss the adder.
The adder is heavily wounded.
* * * LOW HITPOINT WARNING * * *
You feel sick. The frilled lizard bites you.
You die...

......#..##.##...###.#.#
.......#.# .##...# #.#.####
.................# #.#.....
.......#...... ###### ...... #
....# # . #.#.# # #####
....##S#l###### # .....
.......@......# #
(.###..##....#..#.####.# #
....#.......##..#.# #
..#.#.......##..#.# # ..#.#
......##..#.# #
..#.###.#....#..#.# #
......#.#....#..#.#### #
......#..............# ########
.................###.#.#.........


You could see an adder and a frilled lizard.

Vanquished Creatures
  An adder (D:2)
  3 leopard geckos (D:1)
  A ball python (D:1)
  2 giant cockroaches (D:1)
  2 hobgoblins
  6 bats (D:1)
  A goblin (D:1)
  3 rats (D:1)
19 creatures vanquished.

Notes
Turn   | Place    | Note
-------+----------+-------------------------------------------
     0 | D:1      | Illumine the Merfolk Transmuter began the quest for the
                  | Orb.
     0 | D:1      | Reached XP level 1. HP: 15/15 MP: 3/3
   158 | D:1      | Reached XP level 2. HP: 17/21 MP: 3/5
   180 | D:1      | Learned a level 2 spell: Sticks to Snakes
   432 | D:2      | Reached XP level 3. HP: 11/26 MP: 4/6
   715 | D:1      | HP: 1/26 [poisoned by an adder]
   715 | D:1      | Slain by a frilled lizard

Levels and vault maps discovered:
D:1:      dpeg_arrival_simpleton_a, layout_basic,
          hangedman_abyss_or_decor_lesser_grid
D:2:      layout_basic, first_ration

Skill      XL: |  1  2 |
---------------+-------+-----
Transmutations | 3 |  3.3
Dodging        | 3 |  3.2
Fighting       | |  1.5
Unarmed Combat | |  3.8
Spellcasting   | |  2.1

Action                   || total
-------------------------++-------
Melee: Unarmed           ||    66
       Punch             ||     2
       Headbutt          ||     1
 Cast: Beastly Appendage ||     5
 Stab: Sleeping          ||     2
Armor: Robe              ||    20
Dodge: Dodged            ||    50
